 Dungeon Crawl Stone Soup version 0.21-a0-404-g291f19a (webtiles) character file.

6040 tof the Cruncher (level 10, 0/88 HPs)
             Began as a Minotaur Gladiator on Oct 26, 2017.
             Was a Priest of Okawaru.
             Succumbed to a guardian serpent's bolt of poison
             ... on level 9 of the Dungeon.
             The game lasted 00:24:11 (10698 turns).

tof the Cruncher (Minotaur Gladiator)              Turns: 10698, Time: 00:24:12

Health: 0/88       AC: 13    Str: 17 (19) XL:     10   Next: 56%
Magic:  3/9        EV: 23    Int:  3 (5)  God:    Okawaru [***...]
Gold:   672        SH:  0    Dex: 22 (23) Spells: 9/9 levels left

rFire    + + .     SeeInvis .   a - +3 quarterstaff (chaos)
rCold    . . .     Gourm    .   (shield currently unavailable)
rNeg     . . .     Faith    .   h - +0 fire dragon scales
rPois    .         Spirit   +   c - +0 hat
rElec    .         Reflect  .   C - +0 cloak
rCorr    .         Harm     .   (no gloves)
MR       .....                  (no boots)
Stlth    +.........             e - amulet of guardian spirit
HPRegen  0.24/turn              r - +3 ring of evasion
MPRegen  0.11/turn              E - +3 ring of dexterity

@: agile, lethally poisoned (0 -> -8), flying, slowed, very slow
A: retaliatory headbutt, horns 2, cold resistance 1, sense surroundings 1
a: Heroism, Renounce Religion


You were on level 9 of the Dungeon.
You worshipped Okawaru.
Okawaru was most pleased with you.
You were hungry.

You visited 2 branches of the dungeon, and saw 10 of its levels.

You collected 672 gold pieces.

Inventory:

Hand Weapons
 a - a +3 quarterstaff of chaos (weapon)
 b - a +0 blowgun
 R - a +0 hunting sling
Missiles
 d - 3 throwing nets
 D - 15 tomahawks
 H - 52 sling bullets
 I - 394 stones
 S - 78 poisoned needles
 V - 5 steel javelins (quivered)
Armour
 c - a +0 hat (worn)
 h - +0 fire dragon scales (worn)
 C - a +0 cloak (worn)
Jewellery
 e - an amulet of guardian spirit (around neck)
 r - a +3 ring of evasion (left hand)
 y - an uncursed ring of resist corrosion
 E - a +3 ring of dexterity (right hand)
 G - an uncursed ring of positive energy
Wands
 A - a wand of paralysis (9/24)
 B - a wand of digging (11/24)
 J - a wand of flame (25/48)
 K - a wand of lightning (7/15)
 T - a wand of iceblast (8/15)
Scrolls
 i - 12 scrolls of remove curse
 k - 4 scrolls of magic mapping
 l - 2 scrolls of fog
 p - 4 scrolls of teleportation
 s - 2 scrolls of amnesia
 v - a scroll of recharging
 x - a scroll of immolation {unknown}
 L - 2 scrolls of blinking {unknown}
 N - a scroll of fear {unknown}
 O - 2 scrolls of identify
Potions
 g - 3 potions of agility
 m - a potion of mutation
 o - 2 potions of curing {unknown}
 q - 2 potions of flight
 t - a potion of might {unknown}
 w - 2 potions of haste
 z - 3 potions of ambrosia {unknown}
 F - 5 potions of magic
 M - a potion of cancellation {unknown}
 P - a potion of lignification {unknown}
 U - 2 potions of degeneration
 W - 2 potions of heal wounds {unknown}
Books
 Q - a book of Cantrips

   Spells                             Type                      Level
   a - Confusing Touch                Hexes                        1
   b - Animate Skeleton               Necromancy                   1
   c - Summon Small Mammal            Summoning                    1
   d - Apportation                    Translocation                1
Comestibles
 f - 2 bread rations
 j - 4 meat rations
 n - 6 royal jellies
 u - 6 fruits


   Skills:
 + Level 7.7 Fighting
 * Level 10.8 Staves
 + Level 6.2 Throwing
 * Level 10.1 Armour
 + Level 7.3 Dodging


You had 9 spell levels left.
You didn't know any spells.

Dungeon Overview and Level Annotations

Branches:
Dungeon (9/15)             Temple (1/1) D:6
   Lair: D:8-11         Orc: D:9-12

Altars:
Ashenzari
Cheibriados
Dithmenos
Elyvilon
Fedhas
Gozag
Hepliaklqana
Kikubaaqudgha
Makhleb
Nemelex Xobeh
Okawaru
Ru
Sif Muna
Trog
Uskayaw
Vehumet
Wu Jian
Xom
Yredelemnul
Zin
The Shining One


Innate Abilities, Weirdness & Mutations

You reflexively headbutt those who attack you in melee.
You have a pair of horns on your head.
Your flesh is cold resistant. (rC+)
You passively map a small area around you.


Message History

The guardian serpent closely misses you.
The guardian serpent completely misses you.
You furiously retaliate!
You headbutt the guardian serpent!
It was a potion of mutation.
You feel extremely strange.
Your urge to shout disappears.
You feel a strange attunement to the structure of the dungeons.
You feel resistant to cold.
* * * LOW HITPOINT WARNING * * *
You feel sick. The guardian serpent barely misses you.
The guardian serpent hits you!
* * * LOW HITPOINT WARNING * * *
The guardian serpent misses you. You furiously retaliate!
You headbutt the guardian serpent.
You kill the guardian serpent!
Okawaru accepts your kill.
You feel your intelligence returning.
It was a potion of flight.
You feel very buoyant.
You fly up into the air.
You die...

#..#..#......##........#
.......................
,
#######.................
,
......#.##........##....
......#.....####........
, .######.....#
#.####... .###.#......*
#.## , *
.....#.###..##+#..# * *
, ###### .......@.# *
.........# ........##* ,
, ......... +#######. ,
, + *.. , , , .. , ,
*... , , ,


There were no monsters in sight!

Vanquished Creatures
  2 two-headed ogres
  Pikel (D:4)
  A guardian serpent (D:9)
  A hornet (D:8)
  Grinder (D:5)
  2 hippogriffs
  2 hungry ghosts (D:6)
  An orc warrior (D:9)
  A sky beast (D:5)
  3 ice beasts
  3 ogres
  3 centaurs
  5 big kobolds
  3 bullfrogs
  A scorpion (D:7)
  2 howler monkeys
  A bullfrog zombie (D:6)
  2 crimson imps
  A hound (D:8)
  2 quasits
  An orc priest (D:5)
  Crazy Yiuf (D:4)
  2 jellies (D:8)
  2 bullfrog skeletons (D:4)
  12 orc wizards
  A centaur skeleton (D:8)
  Jessica (D:3)
  Ijyb (D:4)
  8 worker ants
  A hound zombie (D:8)
  A hound skeleton (D:4)
  Robin (D:2)
  16 gnolls
  10 adders
  A howler monkey skeleton (D:7)
  5 shadow imps
  A worm (D:2)
  4 dart slugs
  4 leopard geckos
  11 orcs
  5 bats
  6 giant cockroaches
  40 goblins
  23 hobgoblins
  6 jackals (D:1)
  34 kobolds
  4 quokkas
  3 ball pythons
  4 frilled lizards
  4 rats
251 creatures vanquished.

Vanquished Creatures (others)
  An orc warrior (D:6)
  A centaur (D:6)
  A bullfrog (D:6)
  An adder (D:6)
4 creatures vanquished.

Grand Total: 255 creatures vanquished

Notes
Turn   | Place    | Note
-------+----------+-------------------------------------------
     0 | D:1      | tof the Minotaur Gladiator began the quest for the Orb.
     0 | D:1      | Reached XP level 1. HP: 18/18 MP: 0/0
   149 | D:1      | Reached skill level 1 in Armour
   149 | D:1      | Reached XP level 2. HP: 21/25 MP: 1/1
   845 | D:2      | Noticed Robin
   851 | D:2      | Killed Robin
   851 | D:2      | Reached XP level 3. HP: 21/30 MP: 2/2
  1130 | D:2      | Reached XP level 4. HP: 38/38 MP: 3/3
  2037 | D:3      | Noticed Jessica
  2054 | D:3      | Killed Jessica
  2054 | D:3      | Reached XP level 5. HP: 34/45 MP: 4/4
  2285 | D:3      | Reached skill level 5 in Staves
  2972 | D:3      | Found a hazy altar of Hepliaklqana.
  3175 | D:4      | Reached XP level 6. HP: 34/51 MP: 3/5
  3574 | D:4      | Noticed Ijyb
  3579 | D:4      | Paralysed by Ijyb for 7 turns
  3586 | D:4      | Killed Ijyb
  3689 | D:4      | Noticed Pikel
  3689 | D:4      | Noticed a slave
  3689 | D:4      | Noticed a slave
  3690 | D:4      | Noticed a slave
  3700 | D:4      | Killed Pikel
  3700 | D:4      | Reached skill level 5 in Armour
  3700 | D:4      | Reached XP level 7. HP: 57/60 MP: 4/6
  3907 | D:4      | Found a runed door.
  3911 | D:4      | Noticed Crazy Yiuf
  3922 | D:4      | Killed Crazy Yiuf
  4180 | D:5      | Entered Level 5 of the Dungeon
  4321 | D:5      | Reached skill level 5 in Dodging
  4321 | D:5      | Reached XP level 8. HP: 58/67 MP: 7/7
  4550 | D:5      | Found a glowing golden altar of the Shining One.
  4550 | D:5      | Found a basalt altar of Yredelemnul.
  4715 | D:5      | Gained mutation: You are clumsy. (Dex -2) [mutagenic meat]
  4716 | D:5      | Lost mutation: You are clumsy. (Dex -2) [mutagenic meat]
  4717 | D:5      | Gained mutation: You occasionally shout uncontrollably at your foes. [mutagenic meat]
  4966 | D:5      | Noticed Grinder
  4971 | D:5      | Reached skill level 5 in Fighting
  4995 | D:5      | Paralysed by Grinder for 4 turns
  5002 | D:5      | Killed Grinder
  5422 | D:5      | Noticed an angel
  5430 | D:5      | Noticed a profane servitor
  6578 | D:2      | Found an ancient bone altar of Kikubaaqudgha.
  6813 | D:6      | Found a shadowy altar of Dithmenos.
  6872 | D:6      | Found a blossoming altar of Fedhas.
  6872 | D:6      | Found a shattered altar of Ashenzari.
  6894 | D:6      | Reached XP level 9. HP: 61/75 MP: 5/8
  6966 | D:6      | Found a sparkling altar of Nemelex Xobeh.
  7026 | D:6      | Found a staircase to the Ecumenical Temple.
  7034 | Temple   | Entered the Ecumenical Temple
  7325 | Temple   | Became a worshipper of Warmaster Okawaru
  7388 | D:6      | Found a shimmering altar of Xom.
  7990 | D:6      | Reached skill level 5 in Throwing
  8014 | D:6      | Found an ornate altar of the Wu Jian Council.
  8131 | D:6      | Found a bloodstained altar of Trog.
  8142 | D:6      | Found a burning altar of Makhleb.
  8438 | D:7      | Found a radiant altar of Vehumet.
  8596 | D:7      | Reached * piety under Okawaru
  8791 | D:7      | Found a deep blue altar of Sif Muna.
  9234 | D:8      | Noticed a two-headed ogre
  9238 | D:8      | Reached ** piety under Okawaru
  9249 | D:8      | Killed a two-headed ogre
  9249 | D:8      | Reached skill level 10 in Staves
  9249 | D:8      | Reached XP level 10. HP: 45/86 MP: 5/9
  9288 | D:8      | Reached *** piety under Okawaru
  9385 | D:8      | Received a gift from Okawaru
 10148 | D:9      | Noticed a two-headed ogre
 10166 | D:9      | Killed a two-headed ogre
 10272 | D:9      | Reached skill level 10 in Armour
 10686 | D:9      | Noticed a guardian serpent
 10697 | D:9      | Lost mutation: You occasionally shout uncontrollably at your foes. [potion of mutation]
 10697 | D:9      | Gained mutation: You passively map a small area around you. [potion of mutation]
 10697 | D:9      | Gained mutation: Your flesh is cold resistant. (rC+) [potion of mutation]
 10697 | D:9      | HP: 4/86 [poisoned by a guardian serpent (bolt of poison)]
 10697 | D:9      | HP: 1/86 [guardian serpent (3)]
 10697 | D:9      | Killed a guardian serpent
 10698 | D:9      | Succumbed to a guardian serpent's bolt of poison

Vault maps used:
D:1:      lemuel_arrival_river_ford
D:2:      first_bread, lemuel_statue_altar, uniq_robin
D:3:      marbit_many_paths, uniq_jessica
D:4:      uniq_pikel, uniq_ijyb, uniq_crazy_yiuf_cottage
D:5:      minmay_goblin_kobold_castle, grunt_temple_overflow_holy_war,
          uniq_grinder
D:6:      minmay_flawed_box, chequers_temple_overflow_statue_of_worship,
          nemelex_xobeh_ov_fountains_minmay, grunt_dithmenos_shadows,
          lemuel_round_altar, amethyst_overflow_temple_binary, temple_statues,
          xom_confusion_cloud
D:7:      lemuel_doored_altar, vehumet_altar_wand_db
D:8:      uniq_psyche
D:9:      nicolae_qazlal_eye_of_the_storm, serial_column_ruins,
          column_ruins_hut, column_ruins_grid_1, column_ruins_open_tiny,
          column_ruins_columns_corner, column_ruins_open_medium,
          column_ruins_open_small, david_nohive_1,
          nrook_guardian_serpent_ordinary
Temple:   compressed_dpeg_triangle_lava_temple

Skill      XL: |  1  2  3  4  5  6  7  8  9 10 |
---------------+-------------------------------+-----
Armour         | 1 2 3 5 7 9 10 | 10.1
Staves         | 4 5 6 7 8 10 | 10.8
Fighting       | 3 4 5 7 |  7.7
Dodging        | 4 5 6 7 |  7.3
Throwing       | 3 4 5 6 |  6.2

Action                   |  1- 3 |  4- 6 |  7- 9 | 10-12 || total
-------------------------+-------+-------+-------+-------++-------
Melee: Quarterstaff      |    70 |   123 |   190 |    89 ||   472
       Headbutt          |     7 |    20 |    43 |    16 ||    86
 Fire: Hunting sling     |       |       |   122 |       ||   122
       Blowgun           |       |       |       |    23 ||    23
Throw: Javelin           |       |       |       |     5 ||     5
  Use: Scroll            |       |     6 |     2 |       ||     8
       Potion            |       |       |       |     5 ||     5
 Stab: Sleeping          |     2 |       |       |       ||     2
       Paralysed         |       |       |     3 |       ||     3
       Confused          |       |       |       |     1 ||     1
  Eat: Chunk             |     1 |     8 |     5 |     4 ||    18
       Bread ration      |       |       |     4 |       ||     4
Armor: Leather armour    |    17 |    14 |       |       ||    31
       Fire dragon scale |       |    15 |   116 |    37 ||   168
Dodge: Dodged            |    48 |   112 |   222 |   115 ||   497

Table legend:
 A = Spawn XP
 B = Non-spawn XP
 C = Spawn XP percentage of total XP
 D = Spawn monster count
 E = Non-spawn monster count
 F = Spawn count percentage of total count
 G = Total turns spent on level
                    A         B        C        D         E        F      G
               +---------+---------+-------+---------+---------+-------+---------
         Total |       0 |    8629 |   0.0 |       0 |     251 |   0.0 | 10698
               +---------+---------+-------+---------+---------+-------+---------
           D:1 |       0 |      35 |   0.0 |       0 |      17 |   0.0 |   819
           D:2 |       0 |     130 |   0.0 |       0 |      35 |   0.0 |  1560
           D:3 |       0 |     152 |   0.0 |       0 |      21 |   0.0 |  1190
           D:4 |       0 |     899 |   0.0 |       0 |      18 |   0.0 |  1239
           D:5 |       0 |    1072 |   0.0 |       0 |      62 |   0.0 |  1932
           D:6 |       0 |    1327 |   0.0 |       0 |      29 |   0.0 |  1436
           D:7 |       0 |     587 |   0.0 |       0 |       7 |   0.0 |   721
           D:8 |       0 |    2674 |   0.0 |       0 |      44 |   0.0 |   942
           D:9 |       0 |    1753 |   0.0 |       0 |      18 |   0.0 |   560
               +---------+---------+-------+---------+---------+-------+---------
